 Dungeon Crawl Stone Soup version 0.27-a0-1139-g28e009f8a6 (webtiles) character file.

Game seed: 14648573566909730383

1739 leviel the Protected (level 8, -12/78 HPs)
             Began as a Minotaur Fighter on May 7, 2021.
             Killed from afar by Maggie (19 damage)
             ... with a bolt of fire
             ... on level 6 of the Dungeon.
             The game lasted 00:06:38 (4880 turns).

leviel the Protected (Minotaur Fighter)             Turns: 4880, Time: 00:06:38

Health: -12/78     AC: 14    Str: 23 (24) XL:     8   Next: 77%
Magic:  7/7        EV:  7    Int:  3 (5)  God:
Gold:   283        SH:  9    Dex: 10 (11) Spells: 7/7 levels left

rFire    . . .     SeeInvis .   a - +0 war axe
rCold    . . .     Faith    .   c - +0 kite shield
rNeg     . . .     Spirit   .   b - +0 scale mail
rPois    .         Reflect  .   (helmet unavailable)
rElec    .         Harm     .   r - +0 cloak
rCorr    .         Rampage  .   (no gloves)
Will     +....                  (no boots)
Stlth    ..........             k - amulet of the acrobat
HPRegen  0.23/turn              h - +4 ring of protection
MPRegen  0.10/turn              (no ring)

@: on berserk cooldown, flying, mesmerised, slowed, very slow
A: horns 3, retaliatory headbutt, strong-willed 1, strong 1
a: no special abilities


You were on level 6 of the Dungeon.
You visited 1 branch of the dungeon, and saw 6 of its levels.
You also visited: Sewer.

You collected 283 gold pieces.

Inventory:

Hand Weapons
 a - a +0 war axe (weapon)
Armour
 b - a +0 scale mail (worn)
 c - a +0 kite shield (worn)
 r - a +0 cloak (worn)
Jewellery
 h - a +4 ring of protection (left hand)
 k - an amulet of the acrobat (around neck)
 q - a ring of fire
Wands
 d - a wand of iceblast (6)
Scrolls
 e - 4 scrolls of identify
 f - 2 scrolls of noise
 g - 4 scrolls of amnesia
 l - a scroll of magic mapping
 m - 2 scrolls of blinking {unknown}
Potions
 i - a potion of degeneration
 j - 3 potions of flight
 o - a potion of lignification {unknown}


   Skills:
 + Level 9.1 Fighting
 - Level 2.8 Axes
 - Level 11.0 Armour
 - Level 3.6 Shields


You had 7 spell levels left.
You didn't know any spells.
Your spell library contained the following spells:

 Spells                   Type           Power      Damage    Failure   Level
 Sting                    Tmut/Pois      0%         1d3       99%         1
 Poisonous Vapours        Pois/Air       0%         N/A       100%        2
 Ignite Poison            Fire/Tmut/Pois 0%         N/A       100%        3
 Mephitic Cloud           Conj/Pois/Air  0%         N/A       100%        3
 Olgreb's Toxic Radiance  Pois           0%         N/A       100%        4


Dungeon Overview and Level Annotations

Branches:
Dungeon (6/15)              Sewer (visited)
 Temple: D:4-7

Altars:
Makhleb
Okawaru
Sif Muna
The Shining One

Annotations:
D:6 Maggie


Innate Abilities, Weirdness & Mutations

You have a pair of large horns on your head.
You reflexively headbutt those who attack you in melee.
You are strong-willed. (Will+)
Your muscles are strong. (Str +2)


Message History

Maggie is severely wounded.
You are no longer berserk.
You are exhausted.
You feel yourself slow down.
Maggie points at you and mumbles some strange words.
The bolt of fire misses you.
You closely miss Maggie. You headbutt Maggie!
Maggie is almost dead.
Maggie hits you with a +2 glaive of flaming.
* * * LOW HITPOINT WARNING * * *
Maggie burns you.
* * * LOW HITPOINT WARNING * * *
Maggie gestures wildly while chanting.
Maggie attempts to bespell you!
You are mesmerised by Maggie!
You feel much better. Maggie barely misses you. You furiously retaliate!
You headbutt Maggie, but do no damage. Maggie gestures at you while chanting.
The bolt of fire hits you.
You closely miss Maggie.
Maggie is almost dead.
Maggie gestures at you while chanting. The bolt of fire misses you.
You block Maggie's attack.
You hit Maggie but do no damage.
Maggie is almost dead.
Maggie hits you with a +2 glaive of flaming!
Maggie burns you.
Maggie points at you and mumbles some strange words.
The bolt of fire hits you!
* * * LOW HITPOINT WARNING * * *
You barely miss Maggie.
Maggie is almost dead.
Maggie hits you with a +2 glaive of flaming!
* * * LOW HITPOINT WARNING * * *
Maggie burns you.
* * * LOW HITPOINT WARNING * * *
Maggie shouts, "Leave me alone!"
Maggie points at you and mumbles some strange words.
The bolt of fire hits you!!
You die...

#.............
#.............
#.............
#.............
#.............
#....!........
#......@......
# #.@...(...
#. ##.#######
##.##†.#
#.....##
#...##.## #..
#.# # #.# #.##
# #..#####..#


You could see Maggie (mesmerising).

Vanquished Creatures
  Pikel (D:5)
  A steam dragon (D:6)
  A black bear (D:6)
  2 ice beasts (D:5)
  An orc warrior (D:6)
  An ogre (D:5)
  A phantom (D:5)
  A kobold brigand (Sewer)
  A scorpion (D:2)
  A bullfrog (D:6)
  A water moccasin zombie (D:5)
  A bullfrog zombie (D:5)
  A centaur zombie (D:5)
  3 hounds
  A scorpion zombie (D:5)
  Ijyb (D:5)
  An iguana (D:6)
  A hound skeleton (D:5)
  6 adders
  2 river rats (Sewer)
  4 dart slugs
  10 orcs
  2 endoplasms
  5 giant cockroaches
  6 goblins
  3 hobgoblins
  5 jackals
  2 quokkas
  6 ball pythons
  A bat (D:2)
  A frilled lizard (D:2)
  8 kobolds
  5 rats
87 creatures vanquished.

Notes
Turn   | Place    | Note
-------+----------+-------------------------------------------
     0 | D:1      | leviel the Minotaur Fighter began the quest for the Orb.
     0 | D:1      | Reached XP level 1. HP: 19/19 MP: 0/0
    88 | D:1      | Reached XP level 2. HP: 27/27 MP: 1/1
   310 | D:1      | Reached skill level 4 in Armour
   978 | D:2      | Found a faded altar of an unknown god.
  1158 | D:2      | Reached XP level 3. HP: 30/33 MP: 2/2
  1270 | D:2      | Noticed a scorpion
  1274 | D:2      | Killed a scorpion
  1275 | D:2      | Reached skill level 6 in Armour
  1275 | D:2      | Reached XP level 4. HP: 40/40 MP: 3/3
  1666 | D:3      | Found a glowing golden altar of the Shining One.
  1845 | D:3      | Found an iron altar of Okawaru.
  2056 | D:3      | Found a glowing drain.
  2064 | Sewer    | Entered a sewer
  2079 | Sewer    | Reached XP level 5. HP: 33/46 MP: 4/4
  2348 | Sewer    | Reached skill level 7 in Armour
  2544 | Sewer    | Found a white marble altar of Elyvilon.
  3363 | D:5      | Entered Level 5 of the Dungeon
  3379 | D:5      | Reached XP level 6. HP: 52/52 MP: 5/5
  3381 | D:5      | Noticed an ice beast
  3389 | D:5      | Killed an ice beast
  3390 | D:5      | Reached skill level 8 in Armour
  3492 | D:5      | Noticed an ice beast
  3511 | D:5      | Killed an ice beast
  3512 | D:5      | Reached skill level 9 in Armour
  3528 | D:5      | Noticed Pikel
  3534 | D:5      | Gained mutation: Your muscles are strong. (Str +2) [potion
                  | of mutation]
  3534 | D:5      | Gained mutation: You are strong-willed. (Will+) [potion of
                  | mutation]
  3534 | D:5      | Gained mutation: You have a pair of large horns on your
                  | head. [potion of mutation]
  3565 | D:5      | Killed Pikel
  3566 | D:5      | Reached skill level 11 in Armour
  3566 | D:5      | Reached XP level 7. HP: 16/58 MP: 6/6
  3572 | D:5      | Reached XP level 8. HP: 18/67 MP: 7/7
  3835 | D:5      | Noticed Ijyb
  3840 | D:5      | Reached skill level 5 in Fighting
  3847 | D:5      | Killed Ijyb
  4340 | D:5      | Found a shimmering blue altar of Sif Muna.
  4343 | D:5      | Found a burning altar of Makhleb.
  4843 | D:6      | Noticed Maggie
  4880 | D:6      | Killed from afar by Maggie

Illustrated notes

Levels and vault maps discovered:
D:1:      wander_arrival_chamber, layout_basic, serial_rivers,
          chequers_serial_rivers_room_a, chequers_serial_rivers_micro_d,
          chequers_serial_rivers_small_3, chequers_serial_rivers_large_b,
          chequers_serial_rivers_room_b
D:2:      layout_basic, ebering_ecumenical_altar_rust
D:3:      layout_rooms, okawaru_trees_1, overflow_temple_1_default,
          gup_sewer_entry_pipe, due_unseen_surprise
D:4:      layout_cave_pools, serial_column_ruins, column_ruins_hut,
          column_ruins_corridor_straight, column_ruins_open_tiny,
          column_ruins_grid_1, column_ruins_grid_1,
          column_ruins_columns_straight
D:5:      layout_rooms, minitemple, uniq_ijyb, uniq_pikel
D:6:      layout_rooms, uniq_maggie

Skill      XL: |  1  2  3  4  5  6  7  8 |
---------------+-------------------------+-----
Armour         | 4 6 7 11 | 11.0
Fighting       | 4 9 |  9.1
Axes           | |  2.8
Shields        | |  3.6

Action                   |  1- 3 |  4- 6 |  7- 9 || total
-------------------------+-------+-------+-------++-------
Melee: War axe           |    54 |   172 |   103 ||   329
       Headbutt          |     4 |    23 |    21 ||    48
  Use: Potion            |     1 |     5 |     4 ||    10
       Scroll            |       |     7 |       ||     7
Armor: Scale mail        |    24 |    89 |    53 ||   166
Dodge: Dodged            |    22 |    65 |    48 ||   135
Block: Kite shield       |    16 |   115 |    81 ||   212

Table legend: (Time is in decaauts)
 A = Elapsed time spent in this place.
 B = Non-inter-level travel time spent in this place.
 C = Inter-level travel time spent in this place.
 D = Time resting spent in this place.
 E = Time spent auto-exploring this place.
 F = Levels seen in this place.
 G = Mean time per level.
                   A        B        C        D        E       F      G
               +--------+--------+--------+--------+--------+-----+--------+
         Total |   5158 |   5061 |     97 |   1030 |   3159 |   7 |  736.9 |
       Dungeon |   4480 |   4383 |     97 |    670 |   3019 |   6 |  746.7 |
         Sewer |    678 |    678 |      0 |    360 |    140 |   1 |  678.0 |
               +--------+--------+--------+--------+--------+-----+--------+

Top non-repeatable levels by time:
     D:5: 1084 daAuts
     D:1: 1008 daAuts
     D:2: 710 daAuts
   Sewer: 678 daAuts
     D:4: 643 daAuts
     D:6: 533 daAuts
     D:3: 499 daAuts
